 Dungeon Crawl Stone Soup version 0.29-a0-819-g94b489e0ae (webtiles) character file.

Game seed: 3889983742149354708

65 ReploidZero the Gusty (level 4, 0/24 HPs)
             Began as a Tengu Air Elementalist on July 6, 2022.
             Killed from afar by Sigmund (10 damage)
             ... with a magic dart
             ... on level 2 of the Dungeon.
             The game lasted 00:05:35 (2116 turns).

ReploidZero the Gusty (Tengu Air Elementalist)      Turns: 2116, Time: 00:05:35

Health: 0/24       AC:  2    Str:  8    XL:     4   Next: 13%
Magic:  6/8        EV: 13    Int: 18    God:
Gold:   41         SH:  0    Dex: 14    Spells: 5/8 levels left

rFire   . . .      SeeInvis .   h - +0 dagger
rCold   . . .      Faith    .   (no shield)
rNeg    . . .      Spirit   .   a - +0 robe
rPois   .          Reflect  .   (helmet restricted)
rElec   .          Harm     .   (no cloak)
rCorr   +          Rampage  .   (no gloves)
Will    .....                   (boots unavailable)
Stlth   ++........              (no amulet)
HPRegen 0.08/turn               c - ring of resist corrosion
MPRegen 0.11/turn               (no ring)

@: no status effects
A: beak, talons 3
a: no special abilities


You were on level 2 of the Dungeon.
You visited 1 branch of the dungeon, and saw 2 of its levels.

You collected 41 gold pieces.

Inventory:

Hand Weapons
 h - a +0 dagger (weapon)
Armour
 a - a +0 robe (worn)
Jewellery
 c - a ring of resist corrosion (left hand)
Scrolls
 d - a scroll of noise {unknown}
 e - a scroll of brand weapon {unknown}
Potions
 b - a potion of magic
 f - a potion of curing
 g - a potion of lignification {unknown}
 i - a potion of degeneration {unknown}
 j - 2 potions of haste {unknown}
 k - a potion of berserk rage {unknown}
 l - a potion of brilliance {unknown}
 m - a potion of attraction {unknown}


   Skills:
 + Level 3.0 Dodging
 - Level 2.0 Stealth
 + Level 2.6 Spellcasting
 + Level 2.7 Conjurations
 + Level 4.7 Air Magic


You had 5 spell levels left.
You knew the following spells:

 Your Spells              Type           Power      Damage    Failure   Level
a - Shock                 Conj/Air       60%        1d6       3%          1
b - Static Discharge      Conj/Air       15%        3-5/arc   5%          2

Your spell library contained the following spells:

 Spells                   Type           Power      Damage    Failure   Level
 Swiftness                Air            19%        N/A       8%          3
 Slow                     Hex            8%         N/A       17%         1
 Airstrike                Air            9%         0-4+      24%         4
 Scorch                   Fire           4%         2d5       26%         2
 Confusing Touch          Hex            2%         N/A       45%         3
 Vampiric Draining        Necr           2%         2d6       45%         3
 Flame Wave               Conj/Fire      7%         2d5       67%         4
 Summon Cactus Giant      Summ           1%         N/A       100%        6


Dungeon Overview and Level Annotations

Branches:
Dungeon (2/15)

Altars:

Annotations:
D:2 Sigmund


Innate Abilities, Weirdness & Mutations

You have a beak for a mouth.
You have claws for feet.


Message History

There is a stone staircase leading up here.
There is a stone staircase leading up here.
Sigmund and a rat come into view.
Sigmund is wielding a +0 scythe and carrying a wand of flame (12).
Sigmund shouts!
There are monsters nearby!
There are monsters nearby!
There are monsters nearby!
A goblin comes into view. It is wielding a +0 dagger.
The goblin shouts!
Aiming: Shock (safe; 3% risk of failure)
Press: ? - help, Q - select action, (/) - cycle Shift-Dir - straight line The zap hits the rat.
The rat is heavily wounded.
The zap hits the rat.
You kill the rat!
Unknown command.
Casting: Shock (safe; 3% risk of failure)
Confirm with . or Enter, or press ? or * to list all spells.
The goblin is struck by an arc of lightning!
You kill the goblin!
You are struck by an arc of lightning.
Sigmund gestures at you while chanting.
You are confused.
Sigmund zaps a wand.
The puff of flame hits you!
You bump into the rock wall.
Sigmund zaps a wand.
The puff of flame hits you.
You feel better.
Sigmund casts a spell.
Sigmund flickers and vanishes!
Deactivating autopickup; reactivate with Ctrl-A.
Something hits you but does no damage. Something hits you!
Things that are here:
a +0 dagger; a goblin corpse You barely miss something.
You hear some strange, mumbled words.
A magic dart appears from out of thin air!
The magic dart hits you!
You die...

...#.#...##.###.#
.....#...##.#.#.#
...............# #.
##.#.#...##...#.# ..
.........##.#.#.### # #.
#.#.#...<......... #.#.
#.#.#..###.#.#.##.
###.#.###.#.#.............
.........@{..........<....
##.#.#.#)#.#......#.#.##.
#.....#.#..#####......
#.#.#.#.#..# #####..
#.#.#......#########..
.@.....................)..
.##.#.#.#.##############..
........# #.. ####.#.#.#
#..


There were no monsters in sight!

Vanquished Creatures
  Robin (D:2)
  An adder (D:2)
  A bat (D:2)
  4 endoplasms
  13 goblins
  7 hobgoblins
  2 quokkas
  A ball python (D:1)
  2 frilled lizards
  6 kobolds
  3 rats
41 creatures vanquished.

Notes
Turn   | Place    | Note
-------+----------+-------------------------------------------
     0 | D:1      | ReploidZero the Tengu Air Elementalist began the quest for
                  | the Orb.
     0 | D:1      | Reached XP level 1. HP: 10/10 MP: 4/4
   470 | D:1      | Reached XP level 2. HP: 15/15 MP: 0/6
   757 | D:2      | Learned a level 2 spell: Static Discharge
   922 | D:2      | Reached XP level 3. HP: 19/19 MP: 5/7
   922 | D:2      | Noticed Robin
  1196 | D:2      | Killed Robin
  1689 | D:2      | Reached XP level 4. HP: 24/24 MP: 2/8
  2094 | D:2      | Noticed Sigmund
  2116 | D:2      | Killed from afar by Sigmund

Illustrated notes

Levels and vault maps discovered:
D:1:      scummos_arrival_simple_fountains, layout_rooms
D:2:      layout_basic, corexii_hall_statues_i, minmay_stone_trees_medium,
          uniq_robin, uniq_sigmund

Skill      XL: |  1  2  3  4 |
---------------+-------------+-----
Conjurations   | 2 |  2.7
Dodging        | 3 |  3.0
Stealth        | |  2.0
Spellcasting   | |  2.6
Air Magic      | |  4.7

Action                   |  1- 3 |  4- 6 || total
-------------------------+-------+-------++-------
Melee: Unarmed           |     1 |       ||     1
       Dagger            |    16 |     1 ||    17
       Peck              |     4 |       ||     4
       Kick              |     1 |       ||     1
 Cast: Shock             |    55 |     9 ||    64
       Static Discharge  |     1 |     1 ||     2
  Use: Scroll            |     1 |       ||     1
       Potion            |       |     1 ||     1
Armor: Robe              |     4 |     1 ||     5
Dodge: Dodged            |    22 |       ||    22

Table legend: (Time is in decaauts)
 A = Elapsed time spent in this place.
 B = Non-inter-level travel time spent in this place.
 C = Inter-level travel time spent in this place.
 D = Time resting spent in this place.
 E = Time spent auto-exploring this place.
 F = Levels seen in this place.
 G = Mean time per level.
                   A        B        C        D        E       F      G
               +--------+--------+--------+--------+--------+-----+--------+
         Total |   2115 |   2106 |      9 |      0 |   1856 |   2 | 1057.5 |
       Dungeon |   2115 |   2106 |      9 |      0 |   1856 |   2 | 1057.5 |
               +--------+--------+--------+--------+--------+-----+--------+

Top non-repeatable levels by time:
     D:2: 1119 daAuts
     D:1: 996 daAuts
